 Dungeon Crawl Stone Soup version 0.15-a0-935-g62ff1c1 (console) character file.

154 DragonScales the Cudgeler (level 5, -1/50 HPs)
             Began as an Ogre Gladiator on May 21, 2014.
             Killed from afar by an orc wizard (8 damage)
             ... with a magic dart
             ... on Level 4 of the Dungeon.
             The game lasted 00:05:04 (912 turns).

DragonScales the Cudgeler (Ogre Gladiator)           Turns: 912, Time: 00:05:05

HP  -1/50        AC  4     Str 20      XL: 5   Next: 35%
MP   5/5         EV 10     Int  7      God:
Gold 85          SH  0     Dex 11      Spells:  0 memorised,  4 levels left

rFire  . . .     SeeInvis .     a - +0 flail
rCold  . . .     Clarity  +     b - +0 animal skin
rNeg   . . .     Conserve .     (shield restricted)
rPois  .         rCorr    .     c - +1 hat
rElec  .         rRot     .     (no cloak)
SustAb .         Spirit   .     (gloves unavailable)
rMut   .         Warding  .     (boots unavailable)
Gourm  .         Stasis   .     n - amulet of clarity
MR     .....                    (no ring)
                                (no ring)

@: not resistant to hostile enchantments, very unstealthy
A: unfitting armour, tough skin 1
a: no special abilities


You were on level 4 of the Dungeon.
You were hungry.

You visited 1 branch of the dungeon, and saw 4 of its levels.

You collected 85 gold pieces.

Inventory:

Hand weapons
 a - a +0,+0 flail (weapon)
 s - a +0,+2 whip of freezing
 t - a cursed -3,-2 giant spiked club
Armour
 b - a +0 animal skin (worn)
 c - a +1 hat (worn)
 o - a +0 robe
Comestibles
 f - 2 meat rations
 h - a lychee
 k - 2 bread rations
 u - 4 rotting chunks of ogre flesh
Scrolls
 i - a scroll of fear
Jewellery
 n - an amulet of clarity (around neck)
Potions
 g - 2 potions of heal wounds
 l - 3 potions of curing {unknown}


   Skills:
 - Level 2.6 Fighting
 + Level 7.7 Maces & Flails
 - Level 2.1 Throwing
 - Level 2.6 Dodging


You had 4 spell levels left.
You didn't know any spells.

Dungeon Overview and Level Annotations

Branches:
Dungeon (4/15)
 Temple: D:4-7

Altars:
Gozag

Annotations:
D:4 Execuda's ghost, average MiDK


Innate Abilities, Weirdness & Mutations

You are too large for most types of armour.
You have tough skin (AC +1).


Message History

The orc struggles against the net.
The orc wizard hits you with a club. The orc wizard hits you with a club.
You completely miss the orc wizard.
The orc wizard is lightly wounded.
The orc struggles against the net.
The orc wizard casts a spell at you. The magic dart hits you!
You hit the orc wizard but do no damage.
The orc wizard is lightly wounded.
The orc struggles against the net.
The orc wizard hits you with a club.
The orc priest invokes the aid of Beogh against you.
Something smites you!
* * * LOW HITPOINT WARNING * * *
You hit the orc wizard but do no damage.
The orc wizard is lightly wounded.
You hear the rusting of a distant drain.
The orc struggles against the net.
The orc wizard gestures at you while chanting.
The magic dart hits you!
You die...

.....#.........#
....#......##.#
# #..##<#.#.##.#
#.##.##.....##.#
#.........####.#
#####..o#.## #.#
#oo)......# #..
#o##....### #..
#@####....# .
#............#
#.##........?# #
............
#.........##
#.........#
....#### ....#
...


You could see an orc priest, an orc wizard and an orc (caught).

Vanquished Creatures
  An ogre (D:4)
  2 adders (D:2)
  4 giant geckos
  2 orcs
  A bat skeleton (D:4)
  2 giant cockroaches
  3 goblins
  4 hobgoblins
  5 jackals
  4 kobolds
  A quokka (D:3)
  2 ball pythons
  A bat (D:2)
  4 giant newts (D:1)
  5 rats
41 creatures vanquished.

Notes
Turn   | Place    | Note
--------------------------------------------------------------
     0 | D:1      | DragonScales, the Ogre Gladiator, began the quest for the Orb.
     0 | D:1      | Reached XP level 1. HP: 22/22 MP: 1/1
   145 | D:1      | Reached XP level 2. HP: 11/29 MP: 2/2
   295 | D:2      | Reached skill level 5 in Maces & Flails
   421 | D:2      | Found an opulent altar of Gozag.
   477 | D:2      | Reached XP level 3. HP: 34/36 MP: 3/3
   643 | D:4      | Noticed an ogre
   658 | D:4      | Reached skill level 6 in Maces & Flails
   664 | D:4      | HP: 1/36 [ogre/giant spiked club (28)]
   668 | D:4      | Killed an ogre
   668 | D:4      | Reached skill level 7 in Maces & Flails
   668 | D:4      | Reached XP level 4. HP: 1/44 MP: 4/4
   668 | D:4      | Reached XP level 5. HP: 1/50 MP: 5/5
   873 | D:4      | Noticed Execuda's ghost (average MiDK)
   912 | D:4      | Killed from afar by an orc wizard

Action                   |  1- 3 |  4- 6 || total
-------------------------+-------+-------++-------
Melee: Flail             |    96 |    37 ||   133
Throw: Throwing net      |     6 |     4 ||    10
  Use: Scroll            |       |     8 ||     8
       Potion            |       |     2 ||     2
 Stab: Held in net/web   |     1 |     2 ||     3
